 Dungeon Crawl Stone Soup version 0.26.1-2-gb8aa6d0cf2 (webtiles) character file.

Game seed: 17228753136930747037

1048 Elvor the Chopper (level 8, -5/72 HPs)
             Began as a Deep Dwarf Fighter on Mar 19, 2021.
             Was a Follower of Makhleb.
             Killed from afar by Maggie (24 damage)
             ... with a bolt of fire
             ... on level 6 of the Dungeon.
             The game lasted 00:35:44 (4039 turns).

Elvor the Chopper (Deep Dwarf Fighter)              Turns: 4039, Time: 00:35:44

Health: -5/72      AC: 15    Str: 28    XL:     8   Next: 5%
Magic:  6/6        EV: 10    Int:  9    God:    Makhleb [*.....]
Gold:   193        SH: 11    Dex: 12    Spells: 7/7 levels left

rFire    x . .     SeeInvis .   a - +0 war axe
rCold    + . .     Faith    .   c - +0 kite shield
rNeg     . . .     Spirit   .   y - +7 ring mail of the Wild Haggis {rF- rC+ rCorr}
rPois    +         Reflect  .   j - +0 helmet
rElec    .         Harm     .   (no cloak)
rCorr    +         Rampage  .   m - +0 pair of gloves
Will     +....                  (no boots)
Stlth    +.........             (no amulet)
HPRegen  0.00/turn              t - ring of poison resistance
MPRegen  0.10/turn              E - +6 ring of strength

@: non-regenerating
A: damage resistance, heal wounds, sense surroundings 1, no regeneration
a: Heal Wounds, Renounce Religion


You were on level 6 of the Dungeon.
You worshipped Makhleb.
Makhleb was aware of your devotion.
You visited 2 branches of the dungeon, and saw 7 of its levels.

You collected 193 gold pieces.

Inventory:

Hand Weapons
 a - a +0 war axe (weapon)
 g - a +1 vorpal hunting sling
Missiles
 h - 141 stones
 u - a poisoned dart
 A - 53 sling bullets
 B - 4 silver boomerangs (quivered)
Armour
 c - a +0 kite shield (worn)
 j - a +0 helmet (worn)
 m - a +0 pair of gloves (worn)
 r - a +0 chain mail of willpower
 x - the +0 chain mail of a volcano {Harm Regen+ Int-3 Dex+4}
   (You found it on level 4 of the Dungeon)

   It affects your intelligence (-3).
   It affects your dexterity (+4).
   It increases your rate of regeneration.
   It increases damage dealt and taken.
 y - the +7 ring mail of the Wild Haggis (worn) {rF- rC+ rCorr}
   (You found it on level 4 of the Dungeon)

   It makes you vulnerable to fire.
   It protects you from cold.
   It provides partial protection from all sources of acid and corrosion.
Jewellery
 t - a ring of poison resistance (left hand)
 C - an uncursed ring of protection from cold
 E - a +6 ring of strength (right hand)
Scrolls
 e - a scroll of fear
 f - a scroll of remove curse
 o - 2 scrolls of fog
 p - 3 scrolls of teleportation
 q - a scroll of immolation
 v - 3 scrolls of magic mapping
 D - a scroll of enchant weapon {unknown}
Potions
 d - 3 potions of might
 k - a potion of haste
 l - a potion of attraction
 n - 4 potions of brilliance
 w - 2 potions of flight
 z - a potion of magic


   Skills:
 + Level 3.8 Fighting
 * Level 6.6(7.0) Axes
 + Level 3.1(5.0) Maces & Flails
 + Level 1.5 Throwing
 + Level 4.9 Armour
 + Level 2.1 Dodging
 + Level 5.1 Shields


You had 7 spell levels left.
You didn't know any spells.
Your spell library was empty.

Dungeon Overview and Level Annotations

Branches:
Dungeon (6/15)             Temple (1/1) D:4

Altars:
Ashenzari
Cheibriados
Dithmenos
Elyvilon
Fedhas
Gozag
Hepliaklqana
Kikubaaqudgha
Makhleb
Nemelex Xobeh
Okawaru
Qazlal
Ru
Sif Muna
Trog
Uskayaw
Vehumet
Wu Jian
Xom
Yredelemnul
Zin
The Shining One

Shops:
D:4 (

Annotations:
D:6 Dowan, Duvessa, Maggie


Innate Abilities, Weirdness & Mutations

You are resistant to damage.
You can heal yourself by infusing magical energy.
You passively map a small area around you.
You do not regenerate.


Message History

Drop what? 31/52 slots (_ for help) (? for menu, Esc to quit)
You drop a +0 scale mail.
You drop an uncursed ring of magical power.
You drop an uncursed ring of teleportation.
There is a stone staircase leading down here.
You climb downwards.
An orc, Duvessa, Dowan and Maggie come into view.
Dowan is wielding a +3 vampiric dagger.
Maggie is wielding a +0 morningstar of flaming and carrying a wand of disintegration (10).
Duvessa shouts!
The orc shouts!
Found a scroll of identify.
Found a stone staircase leading up.
There is a stone staircase leading up here.
You climb upwards.
There is a stone staircase leading down here.
You see here a dart slug corpse.
There is a stone staircase leading down here.
You climb downwards.
Level annotation: Dowan, Duvessa, Maggie Maggie points at you and mumbles some strange words.
The bolt of fire hits you!! The fire burns you terribly!
You die...

* , # , ..
... , , ...,
#..
+##...#######
,,
.......<....#
,
....?..@....#
,
.........o.@#
##+#####...##
, * *#...#
*...e..* ,
+e.....# , ,
#?.....# * ,
#..|.. ,
######* , ,


You could see Maggie, Duvessa, Dowan and an orc.

Vanquished Creatures
  An orc warrior (D:4)
  A phantom (D:4)
  A black bear (D:5)
  2 ogres
  A centaur (D:3)
  A water moccasin zombie (D:5)
  A scorpion (D:4)
  2 hounds
  2 orc wizards
  2 iguanas (D:5)
  2 worker ants (D:4)
  7 adders
  A shadow imp (D:5)
  A white imp (D:4)
  An ufetubus (D:2)
  4 oozes
  An adder skeleton (D:4)
  A worm (D:4)
  2 dart slugs
  3 leopard geckos
  13 orcs
  6 bats
  3 giant cockroaches
  6 hobgoblins
  4 jackals (D:4)
  9 kobolds
  4 quokkas
  4 frilled lizards
  8 goblins
  6 rats
100 creatures vanquished.

Notes
Turn   | Place    | Note
-------+----------+-------------------------------------------
     0 | D:1      | Elvor the Deep Dwarf Fighter began the quest for the Orb.
     0 | D:1      | Reached XP level 1. HP: 20/20 MP: 1/1
   332 | D:1      | Reached XP level 2. HP: 18/27 MP: 2/2
   581 | D:2      | Reached XP level 3. HP: 13/33 MP: 3/3
   840 | D:2      | Reached skill level 3 in Axes
   878 | D:2      | Reached XP level 4. HP: 27/42 MP: 4/4
  1047 | D:2      | Reached skill level 1 in Maces & Flails
  1242 | D:2      | Found a sparkling altar of Nemelex Xobeh.
  1833 | D:3      | Noticed a centaur
  1840 | D:3      | Killed a centaur
  1841 | D:3      | Reached skill level 1 in Dodging
  1841 | D:3      | Reached XP level 5. HP: 17/49 MP: 5/5
  1920 | D:3      | You fall into a shaft and drop 1 floor!
  1952 | D:4      | Found Cosaxoirph's Antique Weapon Boutique.
  2000 | D:4      | Noticed an ogre
  2025 | D:4      | Killed an ogre
  2026 | D:4      | Reached skill level 4 in Axes
  2026 | D:4      | Reached XP level 6. HP: 32/56 MP: 5/5
  2089 | D:4      | Found a staircase to the Ecumenical Temple.
  2100 | Temple   | Entered the Ecumenical Temple
  2333 | Temple   | Became a worshipper of Makhleb the Destroyer
  2423 | D:4      | Noticed an orc warrior
  2460 | D:4      | Killed an orc warrior
  2500 | D:4      | Got a ruby-studded chain mail
  2511 | D:4      | Identified the +0 chain mail of a volcano {Harm Regen+
                  | Int-3 Dex+4} (You found it on level 4 of the Dungeon)
  2664 | D:4      | Got a distressingly furry ring mail
  2675 | D:4      | Identified the +7 ring mail of the Wild Haggis {rF- rC+
                  | rCorr} (You found it on level 4 of the Dungeon)
  2748 | D:4      | Reached XP level 7. HP: 30/62 MP: 5/5
  2824 | D:4      | Reached skill level 5 in Axes
  2901 | D:4      | Found a glowing golden altar of the Shining One.
  2944 | D:4      | Reached skill level 1 in Throwing
  2944 | D:4      | Reached skill level 5 in Shields
  3218 | D:5      | Entered Level 5 of the Dungeon
  3222 | D:5      | HP: 3/62 [iguana (2)]
  3272 | D:5      | Found an iron altar of Okawaru.
  3360 | D:5      | Reached * piety under Makhleb
  3522 | D:5      | Reached skill level 6 in Axes
  3592 | D:5      | Reached XP level 8. HP: 24/72 MP: 6/6
  3671 | D:5      | Found a shimmering blue altar of Sif Muna.
  3671 | D:5      | Found a basalt altar of Yredelemnul.
  3679 | D:5      | Found a faded altar of an unknown god.
  3683 | D:5      | Found an ornate altar of the Wu Jian Council.
  3685 | D:5      | Found a hide-covered altar of Uskayaw.
  4010 | D:6      | Noticed Duvessa
  4010 | D:6      | Noticed Dowan
  4010 | D:6      | Noticed Maggie
  4039 | D:6      | Killed from afar by Maggie

Illustrated notes

Levels and vault maps discovered:
D:1:      dpeg_arrival_ternary, layout_basic
D:2:      kennysheep_big_flooded_room, layout_basic, nemelex_dance_club_becter
D:3:      layout_loops_ring
D:4:      layout_basic, lemuel_coloured_pillars_altar, minmay_temple_entry_tees,
          serial_shops, nicolae_shop_behind_doors
D:5:      layout_loops_ring, old_standard_altar,
          chequers_temple_overflow_minitemple
D:6:      layout_gridville, nicolae_dithmenos_the_darkroom, uniq_duvessa,
          uniq_maggie, uniq_grinder
Temple:   eino_temple_rhombus

Skill      XL: |  1  2  3  4  5  6  7 |
---------------+----------------------+-----
Shields        | 4 5 |  5.1
Axes           | 3 4 6 |  6.6
Fighting       | 3 |  3.8
Maces & Flails | 1 2 3 |  3.1
Armour         | 4 |  4.9
Dodging        | 1 2 |  2.1
Throwing       | 1 |  1.5

Action                   |  1- 3 |  4- 6 |  7- 9 || total
-------------------------+-------+-------+-------++-------
Melee: War axe           |    91 |   168 |   101 ||   360
Throw: Dart              |       |    17 |     4 ||    21
       Stone             |       |     3 |    11 ||    14
       Boomerang         |       |       |     6 ||     6
 Abil: Heal Wounds       |     1 |     3 |     1 ||     5
  Use: Scroll            |       |    10 |     2 ||    12
       Potion            |       |     3 |       ||     3
Armor: Scale mail        |    53 |    13 |       ||    66
       Chain mail        |       |    72 |       ||    72
       Ring mail         |       |     1 |    43 ||    44
Dodge: Dodged            |    36 |    49 |    31 ||   116
Block: Kite shield       |    56 |    85 |    50 ||   191
